 Dungeon Crawl Stone Soup version 0.31-a0-1-g4198be8af4 (webtiles) character file.

Game seed: 12088965889269237279

11 Ahpoh the Sneak (level 2, 0/16 HPs)
             Began as a Vine Stalker Delver on May 2, 2023.
             Was an Initiate of Okawaru.
             Slain by a river rat (6 damage)
             ... in a sewer.
             The game lasted 00:01:47 (356 turns).

Ahpoh the Sneak (Vine Stalker Delver)                Turns: 356, Time: 00:01:47

Health: 0/16       AC:  3    Str: 14    XL:     2   Next: 25%
Magic:  0/3        EV: 11    Int: 10    God:    Okawaru [......]
Gold:   26         SH:  0    Dex: 15    Spells: 1/1 levels left

rFire   . . .        a - +0 falchion
rCold   . . .        (no shield)
rNeg    . . .        b - +0 leather armour
rPois   .            (no helmet)
rElec   .            (no cloak)
rCorr   .            (no gloves)
SInv    .            (no boots)
Will    .....        (no amulet)
Stlth   +++          (no ring)
HPRegen 0.22/turn    (no ring)
MPRegen 0.08/turn

%: guardian spirit
@: no status effects
A: fangs 2, magic shield, antimagic bite, no potion heal 2
a: Renounce Religion


You were in a sewer.
You worshipped Okawaru.
Okawaru was noncommittal.
You visited 2 branches of the dungeon, and saw 4 of its levels.
You also visited: Sewer.

You collected 26 gold pieces.

Inventory:

Hand Weapons
 a - a +0 falchion (weapon)
Armour
 b - a +0 leather armour (worn)
Wands
 g - a wand of digging (3)
Scrolls
 c - a scroll of fog
 d - a scroll of magic mapping
 e - a scroll of fear
 h - a scroll of teleportation {unknown}
 j - 2 scrolls of identify {unknown}
Potions
 f - a potion of haste
 i - a potion of mutation {unknown}


   Skills:
 + Level 2.9 Fighting
 + Level 2.0 Long Blades
 + Level 1.5 Dodging
 + Level 6.3 Stealth


You had one spell level left.
You didn't know any spells.
Your spell library was empty.

Dungeon Overview and Level Annotations

Branches:
Dungeon (5/15)             Temple (1/1) D:4           Sewer (1/1)

Altars:
Ashenzari
Cheibriados
Dithmenos
Elyvilon
Fedhas
Hepliaklqana
Makhleb
Nemelex Xobeh
Okawaru
Ru
Sif Muna
Trog
Vehumet
Wu Jian
Xom
Yredelemnul
Zin


Innate Abilities, Weirdness & Mutations

You have extremely sharp teeth.
When hurt, damage is shared between your health and your magic reserves.
Your bite disrupts and absorbs the magic of your enemies.
Potions cannot restore your health.


Message History

You enter a sewer!
There is an empty arch of ancient stone here.
You start resting.
HP restored.
Found a gate leading back out of this place.
A river rat and 2 rats come into view.
A river rat comes into view.
The rat twitches its whiskers.
A rat comes into view.
There is an empty arch of ancient stone here.
You closely miss the rat. The rat closely misses you.
You barely miss the rat. You bite the rat. You drain its power.
The rat is moderately wounded.
You hit the river rat.
The river rat is moderately wounded.
You closely miss the river rat.
The river rat is moderately wounded.
The river rat barely misses you.
You closely miss the river rat.
The river rat is moderately wounded.
The river rat closely misses you. The river rat bites you.
You completely miss the river rat.
The river rat is moderately wounded.
The river rat closely misses you.
You barely miss the river rat. You bite the river rat. You drain its power.
You feel invigorated.
The river rat is heavily wounded.
The river rat barely misses you.
You closely miss the river rat.
The river rat is heavily wounded.
The river rat bites you!
You closely miss the river rat. Your bite misses the river rat.
The river rat is heavily wounded.
The river rat bites you but does no damage.
You closely miss the river rat.
The river rat is moderately wounded.
The river rat bites you.
The river rat twitches its whiskers.
The river rat bites you!
You die...

~~~. ≈~.....
~~~....
≈~~...... ###
~~~~.....# #@#
~~~......###r#
.~~.......#rr#
~≈~........r##
.~~~.......##
~~≈~~.....##
~≈≈~~~....##
.≈≈≈~......#
~≈≈≈~......##


You could see 2 river rats and 2 rats.

Vanquished Creatures
  A ball python (D:3)
  3 giant cockroaches (D:3)
  2 goblins (D:4)
  A hobgoblin (D:3)
  A quokka (D:3)
8 creatures vanquished.

Notes
Turn   | Place    | Note
-------+----------+-------------------------------------------
     0 | D:5      | Ahpoh the Vine Stalker Delver began the quest for the Orb.
     0 | D:5      | Reached XP level 1. HP: 11/11 MP: 2/2
   108 | D:4      | Found a staircase to the Ecumenical Temple.
   119 | Temple   | Entered the Ecumenical Temple
   128 | Temple   | Became a worshipper of Warmaster Okawaru
   234 | D:3      | Reached XP level 2. HP: 8/16 MP: 1/3
   250 | D:3      | Found a glowing drain.
   280 | Sewer    | Entered a sewer
   356 | Sewer    | Slain by a river rat

Illustrated notes

Levels and vault maps discovered:
D:3:      layout_basic, portal_sewer_entry_f
D:4:      layout_basic, minmay_temple_entry_tees
D:5:      layout_loops_ring, mainiacjoe_overflow_catwalk_spiral
Temple:   sentei_temple_godly_chess
Sewer:    sewer_minmay_treatment

Skill      XL: |  1  2 |
---------------+-------+-----
Long Blades    | 2 |  2.0
Fighting       | |  2.9
Dodging        | |  1.5
Stealth        | |  6.3

Action                     || total
---------------------------++-------
  Melee: Falchion          ||    45
         Bite              ||     8
         Punch             ||     1
   Stab: Sleeping          ||     3
 Armour: Leather armour    ||     8
  Dodge: Dodged            ||    28

Table legend: (Time is in decaauts)
 A = Elapsed time spent in this place.
 B = Non-inter-level travel time spent in this place.
 C = Inter-level travel time spent in this place.
 D = Time resting spent in this place.
 E = Time spent auto-exploring this place.
 F = Levels seen in this place.
 G = Mean time per level.
                   A        B        C        D        E       F      G
               +--------+--------+--------+--------+--------+-----+--------+
         Total |    366 |    366 |      0 |     28 |     52 |   5 |   73.2 |
       Dungeon |    270 |    270 |      0 |      0 |     41 |   3 |   90.0 |
        Temple |     18 |     18 |      0 |      0 |      0 |   1 |   18.0 |
         Sewer |     77 |     77 |      0 |     28 |     11 |   1 |   77.0 |
               +--------+--------+--------+--------+--------+-----+--------+

Top non-repeatable levels by time:
     D:3: 126 daAuts
     D:4: 79 daAuts
   Sewer: 77 daAuts
     D:5: 64 daAuts
  Temple: 18 daAuts
